Map: Invader LE

Players

BigWars

  • Race: Terran Terran
  • League: Gold

capac - Winner!

  • Race: Terran Terran
  • League: Gold

VOD

Have the link to the VOD?

Description

Time

  • Played on: April 12, 2016, 3:16 p.m.
  • Length: 16:55
Show
View Real Time Build Order
Export as new Build Order

BigWars Terran 

Build Orders: MMM Bio 

Get SALT Encoding   

  12  0:01  SCV  
  13  0:13  SCV  
  14  0:23  Supply Depot  
  14  0:25  SCV  
  15  0:28  Refinery  
  15  0:45  SCV  
  15  0:48  Barracks  
  16  1:00  Barracks  
  16  1:03  SCV  
  17  1:19  SCV  
  17  1:24  Supply Depot  
  18  1:31  SCV  
  19  1:38  Reaper  
  20  1:43  SCV  
  21  1:48  Reaper  
  21  1:52  Supply Depot  
  22  1:55  SCV  
  22  2:01  Refinery  
  23  2:10  Reaper  
  23  2:11  Orbital Command  
  24  2:20  Reaper  
  25  2:38  SCV  
  26  2:45  Factory  
  25  4:01  SCV  
  23  4:13  SCV, Command Center  
  23  4:14  Starport  
  24  4:17  Starport  
  24  4:24  Barracks Tech Lab  
  24  4:25  SCV  
  24  4:26  Barracks Reactor  
  24  4:27  Engineering Bay  
  25  4:35  Engineering Bay  
  25  4:37  SCV  
  25  4:38  Supply Depot  
  26  4:45  Barracks, Stimpack  
  26  4:50  SCV  
  27  4:53  Medivac  
  27  4:57  Supply Depot  
  27  4:58  Terran Infantry Weapons Level 1  
  27  4:59  Liberator  
  29  5:01  Terran Infantry Armor Level 1  
  29  5:02  SCV  
  29  5:04  Marine x2  
  29  5:05  Marauder  
  34  5:14  SCV  
  38  5:24  Supply Depot  
  38  5:26  SCV  
  39  5:30  Marine x3  
  39  5:35  Medivac  
  44  5:38  SCV  
  44  5:42  Barracks Tech Lab  
  45  5:50  SCV  
  46  6:13  Missile Turret  
  46  6:15  Planetary Fortress  
  46  6:18  Marauder, Marine x2  
  50  6:19  Marine  
  50  6:23  SCV  
  50  6:24  Missile Turret  
  52  6:35  SCV  
  52  6:37  Marine  
  52  6:38  Marauder, Marine  
  59  6:40  Marauder  
  59  6:48  Refinery  
  59  6:50  Refinery  
  59  6:54  SCV  
  60  7:01  Marauder x2, Marine x2  
  62  7:06  SCV, Combat Shields  
  62  7:08  SCV  
  68  7:18  SCV  
  68  7:19  Marine x2  
  68  7:20  Starport Reactor  
  73  7:23  Marauder x2  
  74  7:44  Marauder  
  71  8:21  SCV  
  71  8:23  SCV  
  73  8:33  SCV  
  74  8:35  SCV  
  74  8:40  Command Center  
  75  8:45  Starport Tech Lab, SCV  
  75  8:47  SCV  
  77  8:50  Supply Depot  
  74  8:57  Supply Depot, SCV  
  74  8:59  SCV  
  74  9:01  Supply Depot  
  76  9:05  Marine x2  
  76  9:06  Armory  
  78  9:11  Marine x2, SCV  
  78  9:16  Medivac  
  83  9:17  Medivac  
  83  9:19  Viking  
  83  9:23  Supply Depot, Marine x2, SCV  
  90  9:34  Marauder x2, Barracks  
  94  9:41  Marine  
  94  9:42  SCV  
  96  9:45  Missile Turret  
  96  9:53  Missile Turret  
  96  9:55  Marauder x2, Missile Turret  
  96  9:56  Planetary Fortress  
  100  10:02  Marine x2  
  100  10:06  SCV  
  103  10:14  Barracks  
  103  10:15  Missile Turret  
  103  10:16  Terran Infantry Weapons Level 2, Marauder, Missile Turret  
  103  10:17  Marauder  
  107  10:22  Terran Infantry Armor Level 2  
  107  10:34  Barracks Reactor  
  107  10:37  Missile Turret  
  107  10:40  Barracks  
  107  10:41  Marine  
  108  10:55  Marauder, Marine x2  
  112  10:59  Marine  
  53  11:55  Marauder, Marine x2  
  53  11:56  Marauder, Marine x4  
  63  12:03  Supply Depot  
  63  12:05  Medivac  
  65  12:13  Marine x3  
  68  12:17  Marauder x2  
  72  12:34  Marine x3  
  75  12:38  Marauder x2  
  75  12:42  Terran Infantry Weapons Level 3  
  79  12:46  SCV  
  80  12:54  Supply Depot  
  80  13:00  Marauder x2  
  67  13:21  Marauder x2  
  67  13:22  Marine x3  
  72  13:30  Marine  
  66  13:42  Marauder  
  66  13:43  Marauder  
  65  14:04  Marauder x2  
  65  14:09  Marine x2  
  56  14:25  Marauder  
  52  14:50  Marauder, Marine x2  
  54  15:14  Marauder, Marine x2  
  54  15:19  Medivac  
  60  15:29  Marine x3  
  60  15:30  Marauder  
  65  15:39  Marauder, Marine x3  
  70  15:47  Marine  
  71  15:51  Marauder  
  73  15:57  Marine x2  
  73  16:01  Marauder  
  73  16:04  Marine x2  
  77  16:12  Marauder  
  72  16:22  Marauder  
  52  16:34  Marauder  
Show
View Real Time Build Order
Export as new Build Order

capac Terran - Winner!

Build Orders: Reaper Expand 

Get SALT Encoding   

  12  0:00  SCV  
  13  0:13  SCV  
  14  0:18  Supply Depot  
  14  0:25  SCV  
  15  0:40  SCV  
  15  0:41  Barracks  
  16  0:45  Refinery  
  16  0:52  SCV  
  17  1:04  SCV  
  18  1:16  SCV  
  19  1:29  Orbital Command  
  19  1:30  Reaper  
  20  1:42  Command Center  
  20  1:54  Supply Depot  
  20  1:57  SCV  
  21  2:07  Factory  
  21  2:10  Marine  
  22  2:20  Barracks  
  22  2:21  SCV  
  23  2:25  Refinery  
  23  2:32  Marine  
  24  2:39  Bunker  
  24  2:49  Marine  
  25  2:52  Hellion  
  23  3:28  Marine  
  23  3:29  Hellion  
  26  3:39  Supply Depot  
  21  3:59  SCV  
  21  4:11  SCV  
  21  4:12  Supply Depot  
  22  4:22  Orbital Command  
  22  4:24  SCV  
  23  4:29  Starport  
  23  4:32  Marine  
  23  4:33  Factory Tech Lab  
  23  4:37  SCV  
  25  4:41  Barracks Tech Lab  
  25  4:49  SCV  
  26  4:52  Bunker  
  26  4:55  Siege Tank  
  26  4:59  SCV  
  30  5:12  Barracks Reactor  
  30  5:14  SCV  
  30  5:15  SCV  
  32  5:27  Starport Reactor  
  32  5:30  SCV x2  
  34  5:39  Marine  
  34  5:42  SCV  
  36  5:43  SCV  
  37  5:56  Marine, SCV x2  
  40  5:57  Marine x2  
  42  6:09  SCV  
  42  6:10  SCV  
  44  6:12  Siege Tank  
  44  6:13  Medivac  
  44  6:14  Marine x2  
  44  6:15  Marine  
  44  6:18  Refinery  
  52  6:21  SCV  
  52  6:22  SCV  
  54  6:33  Engineering Bay  
  54  6:54  Supply Depot  
  54  6:55  Supply Depot  
  54  7:02  Command Center  
  54  7:04  Stimpack  
  54  7:05  Marine x3  
  54  7:06  Siege Tank, Medivac  
  62  7:16  SCV x2  
  62  7:19  Missile Turret  
  64  7:23  Missile Turret  
  64  7:24  Terran Infantry Weapons Level 1  
  64  7:25  Supply Depot  
  64  7:27  Engineering Bay, Marine x3  
  67  7:31  Medivac  
  60  8:20  Viking x2  
  62  8:53  Marine x3  
  64  9:07  Orbital Command  
  64  9:11  Marine x2  
  66  9:20  Missile Turret  
  66  9:24  Refinery  
  66  9:32  Missile Turret  
  66  9:43  Medivac x2  
  70  9:47  Siege Tank  
  73  9:55  SCV x3  
  73  9:58  Combat Shields  
  76  10:11  Marine x3  
  79  10:24  Siege Tank  
  82  10:29  Marine x3  
  82  10:32  Viking x2, Missile Turret  
  89  10:38  SCV x2  
  91  10:55  Supply Depot  
  91  10:58  Terran Infantry Armor Level 1  
  91  11:02  Viking x2, Siege Tank  
  98  11:04  SCV x2  
  93  11:58  Orbital Command  
  93  12:09  Marine x3  
  95  12:26  SCV  
  95  12:27  Marine  
  97  12:31  Marine  
  97  12:32  Marine  
  97  12:36  Siege Tank  
  102  12:37  Medivac  
  102  12:38  Barracks, SCV, Medivac  
  102  12:39  Barracks  
  107  12:51  SCV  
  88  13:21  Marine x2  
  88  13:22  Marine  
  91  13:29  Missile Turret  
  91  13:39  Marine  
  92  13:43  Marine x2  
  92  13:45  SCV  
  95  13:51  Siege Tank  
  97  13:57  Marine, SCV  
  89  14:09  Viking x2, SCV  
  89  14:25  Siege Tank  
  89  14:26  Marine x3  
  89  14:28  Barracks Reactor x2  
  95  14:32  Factory  
  88  14:39  Viking  
  88  14:42  Liberator  
  88  14:44  Marine x3  
  90  14:52  Liberator  
  93  15:01  Marine  
  93  15:02  Marine x2  
  96  15:10  Marine x3  
  96  15:11  Marine  
  103  15:19  Marine x2  
  103  15:20  Marine  
  106  15:33  Siege Tank  
  109  16:12  Command Center  
  109  16:15  SCV  
  109  16:16  Marine x2  
  109  16:17  Marine x2, SCV  
  109  16:18  Marine x3, SCV  
  109  16:19  Viking  
  109  16:20  Viking  
  109  16:22  Siege Tank  
  103  16:27  SCV  
  103  16:29  SCV  
  103  16:30  SCV  
  106  16:34  Marine x3  
Tags
 
Composition
MMM Bio
League
GoldGold
Matchup
TvT
Race
Terran
Add a new tag
Caveats
  • Supply blocks, unpowered buildings, or Contaminate may cause inaccurate times.
  • Supply counts are checked every 10 seconds.